 Dungeon Crawl Stone Soup version 0.22-a0-305-gd21a89c538 (webtiles) character file.

63 Oravi the Changer (level 4, 0/32 HPs)
             Began as a Merfolk Transmuter on Apr 1, 2018.
             Succumbed to an adder's poison
             ... on level 3 of the Dungeon.
             The game lasted 00:06:02 (1624 turns).

Oravi the Changer (Merfolk Transmuter)              Turns: 1624, Time: 00:06:02

Health: 0/32       AC:  2    Str: 10    XL:     4   Next: 9%
Magic:  5/7        EV: 21    Int: 18    God:
Gold:   57         SH:  0    Dex: 19    Spells: 2/8 levels left

rFire    . . .     SeeInvis .     - Unarmed
rCold    . . .     Gourm    .   (shield currently unavailable)
rNeg     . . .     Faith    .   (armour currently unavailable)
rPois    x         Spirit   .   (helmet currently unavailable)
rElec    .         Reflect  .   (cloak currently unavailable)
rCorr    .         Harm     .   (gloves currently unavailable)
MR       .....                  (boots currently unavailable)
Stlth    ++........             (no amulet)
HPRegen  0.10/turn              (no ring)
MPRegen  0.10/turn              (no ring)

@: brilliant, lethally poisoned (0 -> -4), spider-form
A: tiny, (change form in water), (swift swim), (stealthy swim)
a: End Transformation


You were on level 3 of the Dungeon.
You were not hungry.
You were a venomous arachnid creature.
You visited 1 branch of the dungeon, and saw 3 of its levels.

You collected 57 gold pieces.

Inventory:

Missiles
 a - 12 arrows
Armour
 b - a +0 robe (melded)
 k - a cursed +0 pair of gloves (melded)
Scrolls
 c - a scroll of identify
 f - 2 scrolls of remove curse
 h - 4 scrolls of teleportation {unknown}
 i - a scroll of enchant armour {unknown}
 j - a scroll of fog {unknown}
Comestibles
 d - 2 rations
 g - a chunk of flesh


   Skills:
 + Level 1.1 Fighting
 + Level 2.9 Dodging
 - Level 4.0 Unarmed Combat
 + Level 2.5 Spellcasting
 * Level 4.0 Transmutations
 * Level 0.4 Poison Magic


You had 2 spell levels left.
You knew the following spells:

 Your Spells              Type           Power        Failure   Level  Hunger
a - Beastly Appendage     Tmut           ####..       1%          1    #......
b - Sticks to Snakes      Tmut           ####....     1%          2    ##.....
c - Spider Form           Tmut/Pois      ###.......   5%          3    ###....


Dungeon Overview and Level Annotations

Branches:
Dungeon (3/15)

Altars:
Ashenzari
The Shining One


Message History

You turn into a venomous arachnid creature.
Your cursed +0 pair of gloves melds into your body.
Your +0 robe melds into your body.
Casting: Spider Form (safe; 5% risk of failure)
Confirm with . or Enter, or press ? or * to list all spells.
Okay, then.
Unknown command.
* * * LOW HITPOINT WARNING * * *
You feel sick.
You see here an adder corpse.
You aren't carrying any potions.
As you read the scroll labeled UMAOPT RAUMP, it crumbles to dust.
It is a scroll of identify.
f - 2 scrolls of remove curse Unknown command.
* * * LOW HITPOINT WARNING * * *
You feel sick.
* * * LOW HITPOINT WARNING * * *
You feel sick.
You die...

... . .. .##
.. ..#
.###.###
..#....# #
#.#....##.#.
#.#.........
#.#....#
###.s....#
#.<.######
.......#.#
.....###.#
.... ... ...
.... .#
......
.......
#........


There were no monsters in sight!

Vanquished Creatures
  3 adders
  A worm (D:2)
  2 dart slugs (D:2)
  2 leopard geckos (D:2)
  5 bats
  3 giant cockroaches (D:2)
  A goblin (D:2)
  2 hobgoblins
  2 kobolds (D:2)
  A quokka (D:2)
  A frilled lizard (D:1)
  A jackal skeleton (D:3)
  5 rats
29 creatures vanquished.

Notes
Turn   | Place    | Note
-------+----------+-------------------------------------------
     0 | D:1      | Oravi the Merfolk Transmuter began the quest for the Orb.
     0 | D:1      | Reached XP level 1. HP: 15/15 MP: 3/3
   198 | D:1      | Reached XP level 2. HP: 20/21 MP: 3/5
   313 | D:1      | Found a glowing golden altar of the Shining One.
   598 | D:2      | Reached XP level 3. HP: 10/26 MP: 4/6
  1190 | D:2      | Learned a level 2 spell: Sticks to Snakes
  1194 | D:2      | Learned a level 3 spell: Spider Form
  1387 | D:2      | Found a shattered altar of Ashenzari.
  1614 | D:3      | Reached XP level 4. HP: 4/32 MP: 7/7
  1618 | D:3      | HP: 1/32 [poisoned by an adder]
  1624 | D:3      | Succumbed to an adder's poison

Vault maps used:
D:1:      grunt_arrival_lava_bath, tso_metal_star
D:2:      evilmike_ruin_ashenzari

Skill      XL: |  1  2  3 |
---------------+----------+-----
Transmutations | 3 4 |  4.0
Unarmed Combat | 4 |  4.0
Fighting       | |  1.1
Dodging        | |  2.9
Spellcasting   | |  2.5
Poison Magic   | |  0.4

Action                   |  1- 3 |  4- 6 || total
-------------------------+-------+-------++-------
Melee: Unarmed           |    96 |       ||    96
       Headbutt          |    13 |       ||    13
       Punch             |     1 |       ||     1
 Cast: Beastly Appendage |    18 |       ||    18
       Spider Form       |       |     1 ||     1
  Use: Potion            |     1 |       ||     1
       Scroll            |       |     1 ||     1
  Eat: Chunk             |     3 |       ||     3
Armor: Robe              |    17 |       ||    17
Dodge: Dodged            |    60 |       ||    60

Table legend:
 A = Spawn XP
 B = Non-spawn XP
 C = Spawn XP percentage of total XP
 D = Spawn monster count
 E = Non-spawn monster count
 F = Spawn count percentage of total count
 G = Total turns spent on level
                    A         B        C        D         E        F      G
               +---------+---------+-------+---------+---------+-------+---------
         Total |       0 |      90 |   0.0 |       0 |      29 |   0.0 |  1624
               +---------+---------+-------+---------+---------+-------+---------
           D:1 |       0 |      10 |   0.0 |       0 |       6 |   0.0 |   489
           D:2 |       0 |      63 |   0.0 |       0 |      19 |   0.0 |  1088
           D:3 |       0 |      17 |   0.0 |       0 |       4 |   0.0 |    47
               +---------+---------+-------+---------+---------+-------+---------
